AoeStats
← King_Rodriguez

Migration

510064819Analyzed
1v1 RM · 1d ago on Sep 29, 2026· 34m 27s· 2 players
Game mode
Random Map
Map size
132×132
Population
200
Speed
Normal
Resources
Standard
Victory
Conquest
Starting age
Dark Age
Ending age
Imperial Age
RankedLock teamsTeams togetherTeam positionsShared explorationLock speedFull tech treeHidden civsTurbo modeCheats
Victory
Defeat
🇹🇼 Danes · Taiwan
659
+14
🇩🇪 Britons · Germany
620
-14
King_Rodriguez
10:00 Feudal Age
12:40 Double-Bit Axe
17:16 Castle Age
18:02 Horse Collar
20:28 Forging
20:09 Fletching
21:21 Light Cavalry
25:00 Wheelbarrow
24:12 Town Watch
28:09 Heavy Plow
30:33 Murder Holes
34:52 Imperial Age
32:52 Crossbowman
p46141350
8:16 Loom
11:40 Feudal Age
15:22 Double-Bit Axe
15:38 Gold Mining
19:15 Castle Age
21:23 Wheelbarrow
21:20 Bow Saw
23:14 Hand Cart
26:49 Scale Mail Armor
27:01 Forging
28:14 Squires
33:59 Imperial Age
31:50 Chain Mail Armor
32:11 Iron Casting
32:59 Arson
Connection lost

Rejoining the realm…

Still unreachable

The connection could not be restored.

Session expired

The server has moved on; the page needs a fresh start.